 Dungeon Crawl Stone Soup version 0.27-a0-1186-g8b4daa1eef (webtiles) character file.

Game seed: 3124243418331095407

26 deadleaves the Skirmisher (level 2, 0/26 HPs)
             Began as a Palentonga Abyssal Knight on May 19, 2021.
             Was a Believer of Lugonu.
             Slain by a jackal (1 damage)
             ... on level 1 of the Dungeon.
             The game lasted 00:02:50 (637 turns).

deadleaves the Skirmisher (PaAK)                     Turns: 637, Time: 00:02:50

Health: 0/26       AC:  4    Str: 15    XL:     2   Next: 89%
Magic:  3/3        EV:  9    Int: 12    God:    Lugonu [**....]
Gold:   18         SH:  0    Dex:  9    Spells: 1/1 levels left

rFire    . . .     SeeInvis +   a - +1 falchion
rCold    . . .     Faith    .   (no shield)
rNeg     . . .     Spirit   .   b - +0 leather armour
rPois    .         Reflect  .   (no helmet)
rElec    .         Harm     .   (no cloak)
rCorr    .         Rampage  .   (no gloves)
Will     .....                  (no barding)
Stlth    +.........             (no amulet)
HPRegen  0.08/turn              (no ring)
MPRegen  0.08/turn              (no ring)

@: no status effects
A: large, rugged brown scales 3, see invisible, deformed body, roll 1, armoured
tail
a: Rolling Charge, Renounce Religion, Depart the Abyss, Bend Space


You were on level 1 of the Dungeon.
You worshipped Lugonu.
Lugonu was pleased with you.
You visited 1 branch of the dungeon, and saw 1 of its levels.
You visited the Abyss 1 time.

You collected 18 gold pieces.

Inventory:

Hand Weapons
 a - a +1 falchion (weapon)
Armour
 b - a +0 leather armour (worn)
Scrolls
 d - a scroll of noise {unknown}
 e - a scroll of teleportation {unknown}
Potions
 c - a potion of ambrosia {unknown}


   Skills:
 + Level 4.1 Fighting
 - Level 2.0 Long Blades
 - Level 1.5 Armour
 - Level 0.7 Dodging
 - Level 2.0 Invocations


You had one spell level left.
You didn't know any spells.
Your spell library was empty.

Dungeon Overview and Level Annotations

Branches:
Dungeon (1/15)

Altars:


Innate Abilities, Weirdness & Mutations

You are completely covered in rugged brown scales. (AC +3, +7% HP)
You have supernaturally acute eyesight. (SInv)
Armour fits poorly on your strangely shaped body.
You can roll at nearby foes to attack.
You have a long armoured tail.


Message History

The hobgoblin hits you but does no damage.
Found a stone staircase leading down.
Unknown command.
You hit the hobgoblin.
The hobgoblin is almost dead.
The jackal bites you but does no damage. x2
The jackal bites you.
The giant cockroach bites you but does no damage.
The jackal bites you but does no damage.
The jackal closely misses you. x2
The hobgoblin hits you but does no damage.
The jackal bites you but does no damage.
You barely miss the hobgoblin.
Your tail-slap misses the hobgoblin.
The hobgoblin is almost dead.
The jackal bites you but does no damage.
The giant cockroach barely misses you.
The jackal bites you but does no damage. x3
The jackal bites you. The hobgoblin hits you.
The giant cockroach bites you but does no damage.
The jackal bites you. The jackal barely misses you.
You hit the hobgoblin.
You kill the hobgoblin!
Lugonu accepts your kill. The jackal bites you. The jackal closely misses you.
The jackal barely misses you.
You riposte.
You closely miss the jackal. The jackal closely misses you.
The giant cockroach bites you. The jackal closely misses you.
The jackal bites you.
* * * LOW HITPOINT WARNING * * *
The jackal bites you.
* * * LOW HITPOINT WARNING * * *
The jackal bites you.
* * * LOW HITPOINT WARNING * * *
You hit the jackal.
You tail-slap the jackal, but do no damage.
The jackal is heavily wounded.
The giant cockroach bites you but does no damage.
The jackal bites you.
* * * LOW HITPOINT WARNING * * *
The jackal bites you.
You die...

...... ...>.#
.........#......#.
.......................
...............#.......
........................
................B.......
...............hhh......
...............h@†......
............#..B........
.#######................
........................
........................
.........###....#....###
...........#..........
......#....#..........#
...........#.........


You could see 4 jackals and 2 giant cockroaches.

Vanquished Creatures
  A ball python (D:1)
  2 bats (D:1)
  An endoplasm (D:1)
  2 giant cockroaches (D:1)
  A goblin (D:1)
  3 hobgoblins (D:1)
  6 jackals (D:1)
  A frilled lizard (D:1)
  3 kobolds (D:1)
  A rat (D:1)
21 creatures vanquished.

Vanquished Creatures (others)
  5 plants (D:1)
5 creatures vanquished.

Grand Total: 26 creatures vanquished

Notes
Turn   | Place    | Note
-------+----------+-------------------------------------------
     0 | Abyss:1  | deadleaves the Palentonga Abyssal Knight began the quest
                  | for the Orb.
     0 | Abyss:1  | Reached XP level 1. HP: 19/19 MP: 2/2
    10 | D:1      | Escaped the Abyss
   126 | D:1      | Reached XP level 2. HP: 14/25 MP: 3/3
   419 | D:1      | Reached skill level 4 in Fighting
   501 | D:1      | Reached ** piety under Lugonu
   637 | D:1      | HP: 1/26 [jackal (3)]
   637 | D:1      | Slain by a jackal

Illustrated notes

Levels and vault maps discovered:
D:1:      co_arrival_random_square_maze, layout_basic,
          shapermc_ecumenical_altar_mp_ritualfount, minmay_strange_pillars

Skill      XL: |  1  2 |
---------------+-------+-----
Fighting       | 4 |  4.1
Long Blades    | |  2.0
Armour         | |  1.5
Dodging        | |  0.7
Invocations    | |  2.0

Action                   || total
-------------------------++-------
Melee: Falchion          ||    60
       Tailslap          ||     4
 Abil: Rolling Charge    ||    11
Armor: Leather armour    ||    37
Dodge: Dodged            ||    37
       Rpst.: Falchion   ||    10

Table legend: (Time is in decaauts)
 A = Elapsed time spent in this place.
 B = Non-inter-level travel time spent in this place.
 C = Inter-level travel time spent in this place.
 D = Time resting spent in this place.
 E = Time spent auto-exploring this place.
 F = Levels seen in this place.
 G = Mean time per level.
                   A        B        C        D        E       F      G
               +--------+--------+--------+--------+--------+-----+--------+
         Total |    648 |    648 |      0 |    216 |    310 |   2 |  324.0 |
       Dungeon |    638 |    638 |      0 |    216 |    310 |   1 |  638.0 |
         Abyss |     10 |     10 |      0 |      0 |      0 |   1 |   10.0 |
               +--------+--------+--------+--------+--------+-----+--------+

Top non-repeatable levels by time:
     D:1: 638 daAuts
 Abyss:1: 10 daAuts
